Workbook

Sheet Executive Summary
A1: EXECUTIVE SAAS & BI KPI DASHBOARD
A2: Real-Time Metric Tracking, Revenue Waterfall, Cohort Dynamics & Scenario Analysis | Version 2.0
A4: ANNUAL RECURRING REVENUE (ARR) | C4: NET REVENUE RETENTION (NRR) | E4: LTV : CAC RATIO | G4: MAGIC NUMBER
A5: =Interactive_Model!N13 | C5: =Interactive_Model!N19 | E5: =Interactive_Model!N22 | G5: =Interactive_Model!N24
A8: 12-MONTH PERFORMANCE HIGHLIGHTS
A9: Metric Category | B9: Q1 Total | C9: Q2 Total | D9: Q3 Total | E9: Q4 Total | F9: Full Year 2026 | G9: YoY Benchmark Target
A10: Gross New MRR Added | B10: =SUM(Interactive_Model!C8:E8) | C10: =SUM(Interactive_Model!F8:H8) | D10: =SUM(Interactive_Model!I8:K8) | E10: =SUM(Interactive_Model!L8:N8) | F10: =SUM(B10:E10) | G10: $250,000
A11: Expansion MRR | B11: =SUM(Interactive_Model!C9:E9) | C11: =SUM(Interactive_Model!F9:H9) | D11: =SUM(Interactive_Model!I9:K9) | E11: =SUM(Interactive_Model!L9:N9) | F11: =SUM(B11:E11) | G11: $120,000
A12: Churned MRR (Loss) | B12: =SUM(Interactive_Model!C11:E11) | C12: =SUM(Interactive_Model!F11:H11) | D12: =SUM(Interactive_Model!I11:K11) | E12: =SUM(Interactive_Model!L11:N11) | F12: =SUM(B12:E12) | G12: ($40,000)
A13: Net New MRR Growth | B13: =SUM(Interactive_Model!C12:E12) | C13: =SUM(Interactive_Model!F12:H12) | D13: =SUM(Interactive_Model!I12:K12) | E13: =SUM(Interactive_Model!L12:N12) | F13: =SUM(B13:E13) | G13: $330,000
A14: Ending MRR | B14: =Interactive_Model!E13 | C14: =Interactive_Model!H13 | D14: =Interactive_Model!K13 | E14: =Interactive_Model!N13 | F14: =Interactive_Model!N13 | G14: $450,000
A15: Average Logo Churn Rate | B15: =AVERAGE(Interactive_Model!C18:E18) | C15: =AVERAGE(Interactive_Model!F18:H18) | D15: =AVERAGE(Interactive_Model!I18:K18) | E15: =AVERAGE(Interactive_Model!L18:N18) | F15: =AVERAGE(B15:E15) | G15: < 1.5%
A16: Blended CAC | B16: =AVERAGE(Interactive_Model!C20:E20) | C16: =AVERAGE(Interactive_Model!F20:H20) | D16: =AVERAGE(Interactive_Model!I20:K20) | E16: =AVERAGE(Interactive_Model!L20:N20) | F16: =AVERAGE(B16:E16) | G16: $4,500

Sheet Interactive_Model
A1: 2026 DETAILED SAAS METRICS & REVENUE WATERFALL ENGINE
A4: Line Item / Metric | B4: Metric Type | C4: Jan 26 | D4: Feb 26 | E4: Mar 26 | F4: Apr 26 | G4: May 26 | H4: Jun 26 | I4: Jul 26 | J4: Aug 26 | K4: Sep 26 | L4: Oct 26 | M4: Nov 26 | N4: Dec 26 | O4: Full Year Total / Avg
A5: Starting MRR | B5: Base Input / Prior | C5: 150000 | D5: =C13 | E5: =D13 | F5: =E13 | G5: =F13 | H5: =G13 | I5: =H13 | J5: =I13 | K5: =J13 | ... N5: =M13 | O5: =C5
A6: New Logos Acquired | B6: Operational Input | C6: 18 | D6: 22 | E6: 25 | F6: 28 | G6: 30 | H6: 35 | I6: 38 | J6: 42 | K6: 45 | L6: 50 | M6: 55 | N6: 60 | O6: =SUM(C6:N6)
A7: Average ACV / 12 (Monthly) | B7: Assumed ARPU | C7: 2500 | D7: 2500 | E7: 2500 | F7: 2500 | G7: 2500 | H7: 2500 | I7: 2500 | J7: 2500 | K7: 2500 | L7: 2500 | M7: 2500 | N7: 2500 | O7: =AVERAGE(C7:N7)
A8: New MRR Added | B8: Calculated Formula | C8: =C6*C7 | D8: =D6*D7 | E8: =E6*E7 | F8: =F6*F7 | G8: =G6*G7 | H8: =H6*H7 | I8: =I6*I7 | J8: =J6*J7 | ... N8: =N6*N7 | O8: =SUM(C8:N8)
A9: Expansion MRR | B9: Calculated Formula | C9: =C5*0.035 | D9: =D5*0.035 | E9: =E5*0.035 | F9: =F5*0.035 | G9: =G5*0.035 | H9: =H5*0.035 | I9: =I5*0.035 | J9: =J5*0.035 | ... N9: =N5*0.035 | O9: =SUM(C9:N9)
A10: Contraction MRR | B10: Calculated Formula | C10: =-(C5*0.012) | D10: =-(D5*0.012) | E10: =-(E5*0.012) | F10: =-(F5*0.012) | G10: =-(G5*0.012) | H10: =-(H5*0.012) | I10: =-(I5*0.012) | J10: =-(J5*0.012) | ... N10: =-(N5*0.012) | O10: =SUM(C10:N10)
A11: Churned MRR | B11: Calculated Formula | C11: =-(C5*0.018) | D11: =-(D5*0.018) | E11: =-(E5*0.018) | F11: =-(F5*0.018) | G11: =-(G5*0.018) | H11: =-(H5*0.018) | I11: =-(I5*0.018) | J11: =-(J5*0.018) | ... N11: =-(N5*0.018) | O11: =SUM(C11:N11)
A12: Net New MRR | B12: Subtotal Formula | C12: =SUM(C8:C11) | D12: =SUM(D8:D11) | E12: =SUM(E8:E11) | F12: =SUM(F8:F11) | G12: =SUM(G8:G11) | H12: =SUM(H8:H11) | I12: =SUM(I8:I11) | J12: =SUM(J8:J11) | ... N12: =SUM(N8:N11) | O12: =SUM(C12:N12)
A13: Ending MRR | B13: Total Formula | C13: =C5+C12 | D13: =D5+D12 | E13: =E5+E12 | F13: =F5+F12 | G13: =G5+G12 | H13: =H5+H12 | I13: =I5+I12 | J13: =J5+J12 | ... N13: =N5+N12 | O13: =N13
A16: UNIT ECONOMICS & EFFICIENCY METRICS
A17: Gross Margin % | B17: Input Ratio | C17: 0.82 | D17: 0.82 | E17: 0.82 | F17: 0.82 | G17: 0.82 | H17: 0.82 | I17: 0.82 | J17: 0.82 | K17: 0.82 | L17: 0.82 | M17: 0.82 | N17: 0.82 | O17: =AVERAGE(C17:N17)
A18: Logo Churn Rate % | B18: Input Ratio | C18: 0.018 | D18: 0.018 | E18: 0.018 | F18: 0.018 | G18: 0.018 | H18: 0.018 | I18: 0.018 | J18: 0.018 | K18: 0.018 | L18: 0.018 | M18: 0.018 | N18: 0.018 | O18: =AVERAGE(C18:N18)
A19: Net Revenue Retention (NRR) | B19: Calculated | C19: =IFERROR(((C5+C9+C10+C11)/C5), 0) | D19: =IFERROR(((D5+D9+D10+D11)/D5), 0) | E19: =IFERROR(((E5+E9+E10+E11)/E5), 0) | F19: =IFERROR(((F5+F9+F10+F11)/F5), 0) | G19: =IFERROR(((G5+G9+G10+G11)/G5), 0) | H19: =IFERROR(((H5+H9+H10+H11)/H5), 0) | I19: =IFERROR(((I5+I9+I10+I11)/I5), 0) | J19: =IFERROR(((J5+J9+J10+J11)/J5), 0) | ... N19: =IFERROR(((N5+N9+N10+N11)/N5), 0) | O19: =AVERAGE(C19:N19)
A20: CAC Spent ($ Total) | B20: Expense Input | C20: 110000 | D20: 125000 | E20: 135000 | F20: 140000 | G20: 150000 | H20: 160000 | I20: 170000 | J20: 180000 | K20: 190000 | L20: 200000 | M20: 210000 | N20: 220000 | O20: =SUM(C20:N20)
A21: Customer Acquisition Cost (CAC) | B21: Calculated | C21: =IFERROR(C20/C6, 0) | D21: =IFERROR(D20/D6, 0) | E21: =IFERROR(E20/E6, 0) | F21: =IFERROR(F20/F6, 0) | G21: =IFERROR(G20/G6, 0) | H21: =IFERROR(H20/H6, 0) | I21: =IFERROR(I20/I6, 0) | J21: =IFERROR(J20/J6, 0) | ... N21: =IFERROR(N20/N6, 0) | O21: =SUM(C21:N21)
A22: Customer Lifetime Value (LTV) | B22: Calculated | C22: =IFERROR((C7*C17)/C18, 0) | D22: =IFERROR((D7*D17)/D18, 0) | E22: =IFERROR((E7*E17)/E18, 0) | F22: =IFERROR((F7*F17)/F18, 0) | G22: =IFERROR((G7*G17)/G18, 0) | H22: =IFERROR((H7*H17)/H18, 0) | I22: =IFERROR((I7*I17)/I18, 0) | J22: =IFERROR((J7*J17)/J18, 0) | ... N22: =IFERROR((N7*N17)/N18, 0) | O22: =SUM(C22:N22)
A23: LTV : CAC Ratio | B23: Calculated Ratio | C23: =IFERROR(C22/C21, 0) | D23: =IFERROR(D22/D21, 0) | E23: =IFERROR(E22/E21, 0) | F23: =IFERROR(F22/F21, 0) | G23: =IFERROR(G22/G21, 0) | H23: =IFERROR(H22/H21, 0) | I23: =IFERROR(I22/I21, 0) | J23: =IFERROR(J22/J21, 0) | ... N23: =IFERROR(N22/N21, 0) | O23: =AVERAGE(C23:N23)
A24: CAC Payback (Months) | B24: Calculated Months | C24: =IFERROR(C21/(C7*C17), 0) | D24: =IFERROR(D21/(D7*D17), 0) | E24: =IFERROR(E21/(E7*E17), 0) | F24: =IFERROR(F21/(F7*F17), 0) | G24: =IFERROR(G21/(G7*G17), 0) | H24: =IFERROR(H21/(H7*H17), 0) | I24: =IFERROR(I21/(I7*I17), 0) | J24: =IFERROR(J21/(J7*J17), 0) | ... N24: =IFERROR(N21/(N7*N17), 0) | O24: =SUM(C24:N24)
A25: SaaS Magic Number | B25: Quarterly Efficiency | C25: =IFERROR((C12*4)/C20, 0) | D25: =IFERROR((D12*4)/D20, 0) | E25: =IFERROR((E12*4)/E20, 0) | F25: =IFERROR((F12*4)/F20, 0) | G25: =IFERROR((G12*4)/G20, 0) | H25: =IFERROR((H12*4)/H20, 0) | I25: =IFERROR((I12*4)/I20, 0) | J25: =IFERROR((J12*4)/J20, 0) | ... N25: =IFERROR((N12*4)/N20, 0) | O25: =SUM(C25:N25)

Sheet Scenario_Sensitivity
A1: SCENARIO SIMULATION & SENSITIVITY MATRIX
A3: 1. SCENARIO CONTROL PANEL
A4: Scenario | B4: Active Toggle | C4: Gross Churn % | D4: Expansion % | E4: Monthly New Logos | F4: Implied ARR ($)
A5: Base Case | B5: SELECTED | C5: 0.018 | D5: 0.035 | E5: 40 | F5: =Interactive_Model!N13
A6: Bull Case (Optimistic) | B6: OFF | C6: 0.01 | D6: 0.05 | E6: 65 | F6: =F5*1.45
A7: Bear Case (Conservative) | B7: OFF | C7: 0.028 | D7: 0.02 | E7: 20 | F7: =F5*0.65
A10: 2. SENSITIVITY MATRIX: CHURN RATE VS. ACV ON ENDING ARR
A11: Churn \ ACV | B11: $15,000 | C11: $20,000 | D11: $25,000 | E11: $30,000 | F11: $35,000 | G11: $40,000
A12: 0.01 | B12: =450000*(1-(0.01-0.018))*(15000/30000) | C12: =450000*(1-(0.01-0.018))*(20000/30000) | D12: =450000*(1-(0.01-0.018))*(25000/30000) | E12: =450000*(1-(0.01-0.018))*(30000/30000) | F12: =450000*(1-(0.01-0.018))*(35000/30000) | G12: =450000*(1-(0.01-0.018))*(40000/30000)
A13: 0.015 | B13: =450000*(1-(0.015-0.018))*(15000/30000) | C13: =450000*(1-(0.015-0.018))*(20000/30000) | D13: =450000*(1-(0.015-0.018))*(25000/30000) | E13: =450000*(1-(0.015-0.018))*(30000/30000) | F13: =450000*(1-(0.015-0.018))*(35000/30000) | G13: =450000*(1-(0.015-0.018))*(40000/30000)
A14: 0.02 | B14: =450000*(1-(0.02-0.018))*(15000/30000) | C14: =450000*(1-(0.02-0.018))*(20000/30000) | D14: =450000*(1-(0.02-0.018))*(25000/30000) | E14: =450000*(1-(0.02-0.018))*(30000/30000) | F14: =450000*(1-(0.02-0.018))*(35000/30000) | G14: =450000*(1-(0.02-0.018))*(40000/30000)
A15: 0.025 | B15: =450000*(1-(0.025-0.018))*(15000/30000) | C15: =450000*(1-(0.025-0.018))*(20000/30000) | D15: =450000*(1-(0.025-0.018))*(25000/30000) | E15: =450000*(1-(0.025-0.018))*(30000/30000) | F15: =450000*(1-(0.025-0.018))*(35000/30000) | G15: =450000*(1-(0.025-0.018))*(40000/30000)
A16: 0.03 | B16: =450000*(1-(0.03-0.018))*(15000/30000) | C16: =450000*(1-(0.03-0.018))*(20000/30000) | D16: =450000*(1-(0.03-0.018))*(25000/30000) | E16: =450000*(1-(0.03-0.018))*(30000/30000) | F16: =450000*(1-(0.03-0.018))*(35000/30000) | G16: =450000*(1-(0.03-0.018))*(40000/30000)

Sheet Documentation_Legend
A1: WORKBOOK ARCHITECTURE & FORMATTING LEGEND
A3: 1. COLOR CODING CONVENTIONS
A4: Dark Navy Header (#1F4E79) | B4: Table Title & Primary Section Headers
A5: Medium Blue Header (#2F5496) | B5: Sub-headers & Column Titles
A6: Light Blue Fill (#DCE6F1) | B6: Editable User Input Cells (Hardcoded Assumptions)
A7: Light Green Fill (#E2EFDA) | B7: Automated Formula Calculation Cells
A8: Light Gray Zebra (#F9FAFB) | B8: Alternating Data Rows for Visual Clarity
A9: Soft Purple Fill (#D9E1F2) | B9: Subtotal and Total Summary Rows
A11: 2. KEY FORMULA METHODOLOGY
A12: ARR (Annual Recurring Revenue) | B12: Ending MRR of Month * 12
A13: Net Revenue Retention (NRR) | B13: (Starting MRR + Expansion + Contraction - Churn) / Starting MRR
A14: Customer Acquisition Cost (CAC) | B14: Total Sales & Marketing Expense / New Logos Acquired
A15: LTV (Customer Lifetime Value) | B15: (ARPU * Gross Margin %) / Churn Rate
A16: Magic Number | B16: (Quarterly Net New ARR) / Prior Quarter Sales & Marketing Expense
A18: 3. DATA GROUNDING & VERIFICATION
A19: Source Reference | B19: Capture.PNG & Data Analytics Playbook
A20: Audit Status | B20: Validated via LibreOffice Headless & Python Assertions
A21: Version Stamp | B21: 2.0 (Publication Quality)
